 Dungeon Crawl Stone Soup version 0.31-a0-506-g3d79149578 (webtiles) character file.

Game seed: 11942504401749265904

2582 GordonOverkill the Slicer (level 9, -4/62 HPs)
             Began as an Octopode Delver on Aug 9, 2023.
             Was an Initiate of Vehumet.
             Slain by a slime creature (12 damage)
             ... on level 5 of the Dungeon.
             The game lasted 00:15:56 (5933 turns).

GordonOverkill the Slicer (Octopode Delver)         Turns: 5933, Time: 00:15:56

Health: -4/62      AC:  6    Str: 11    XL:     9   Next: 58%
Magic:  28/28      EV: 13    Int: 16    God:    Vehumet [......]
Gold:   319        SH:  0    Dex: 14    Spells: 22/22 levels left

rFire   . . .        h - +2 dagger (venom)
rCold   . . .        (no shield)
rNeg    . . .        l - +1 hat
rPois   .            (no amulet)
rElec   .            d - +4 ring of protection
rCorr   .            q - ring of see invisible
SInv    +            t - ring of magical power
Will    .....        (no ring)
Stlth   ++++         (no ring)
HPRegen 0.30/turn    (no ring)
MPRegen 0.21/turn    (no ring)
                     (no ring)

%: clarity
@: no status effects
A: almost no armour, amphibious, 8 rings, camouflage 1, gelatinous body 1,
(nimble swimmer 1), tentacles, clarity, mutation resistance 1
a: Renounce Religion


You were on level 5 of the Dungeon.
You worshipped Vehumet.
Vehumet was noncommittal.
You visited 2 branches of the dungeon, and saw 10 of its levels.

You collected 319 gold pieces.

Inventory:

Hand Weapons
 a - a +0 short sword
 h - a +2 dagger of venom (weapon)
 i - a +1 rapier
 s - a +3 short sword
Missiles
 E - a curare-tipped dart
 F - 19 poisoned darts
Armour
 l - a +1 hat (worn)
Magical Staves
 e - a staff of conjuration
Jewellery
 d - a +4 ring of protection (left tentacle)
 q - a ring of see invisible (right tentacle)
 t - a ring of magical power (on tentacle)
 v - a +5 ring of evasion
 y - a ring of positive energy
 D - a +6 ring of intelligence
Wands
 f - a wand of digging (2)
 j - a wand of charming (2)
 C - a wand of mindburst (15)
Scrolls
 b - 4 scrolls of fog
 g - 4 scrolls of identify {unknown}
 k - a scroll of vulnerability {unknown}
 m - a scroll of butterflies {unknown}
 n - 4 scrolls of teleportation {unknown}
 p - a scroll of silence {unknown}
 u - a scroll of amnesia {unknown}
 w - a scroll of poison {unknown}
 A - a scroll of enchant armour {unknown}
 B - a scroll of noise {unknown}
Potions
 c - 3 potions of curing {unknown}
 o - a potion of enlightenment {unknown}
 r - 2 potions of mutation
 x - a potion of berserk rage {unknown}
 z - 2 potions of brilliance {unknown}
 G - a potion of invisibility {unknown}


   Skills:
 - Level 6.0 Fighting
 + Level 8.4 Short Blades
 - Level 2.0 Dodging
 - Level 6.6 Stealth
 - Level 7.0 Spellcasting
 - Level 3.0 Evocations


You had 22 spell levels left.
You didn't know any spells.
Your spell library contained the following spells:

 Spells                   Type           Power      Damage    Failure   Level
 Gell's Gravitas          Tloc           5%         N/A       36%         3
 Teleport Other           Tloc           5%         N/A       36%         3
 Dispersal                Tloc           2%         N/A       100%        6


Dungeon Overview and Level Annotations

Branches:
Dungeon (9/15)             Temple (1/1) D:5
   Lair: D:8-11         Orc: D:9-12

Altars:
Ashenzari
Cheibriados
Dithmenos
Elyvilon
Fedhas
Gozag
Hepliaklqana
Kikubaaqudgha
Okawaru
Qazlal
Ru
Sif Muna
Trog
Uskayaw
Vehumet
Wu Jian
Xom
Yredelemnul
Zin
The Shining One

Shops:
D:4 [

Annotations:
D:7 Dowan


Innate Abilities, Weirdness & Mutations

You cannot wear most types of armour.
You are amphibious.
You can wear up to eight rings at the same time.
Your skin changes colour to match your surroundings (Stealth+).
Your rubbery body absorbs attacks. (AC +1, EV +1)
((You are camouflaged when in or above water. (Stealth+)))
You have tentacles for arms and can constrict up to eight enemies at once.
You possess an exceptional clarity of mind.
You are somewhat resistant to further mutation.


Message History

The slime creature completely misses you.
You hit the slime creature.
The slime creature is moderately wounded.
You hit the slime creature.
The slime creature looks even sicker.
The slime creature is moderately wounded.
The slime creature hits you but does no damage.
You hit the slime creature but do no damage.
The slime creature looks as sick as possible!
You squeeze the slime creature, but do no damage.
The slime creature is moderately wounded.
The slime creature closely misses you.
You hit the slime creature but do no damage.
The slime creature looks as sick as possible!
The slime creature is moderately wounded.
You are no longer corroded.
The slime creature attacks as you move away!
The slime creature hits you!
* * * LOW HITPOINT WARNING * * *
You hit the slime creature. You squeeze the slime creature.
The slime creature is heavily wounded.
The slime creature hits you but does no damage.
You hit the jelly.
The jelly is poisoned.
Your tentacles burn!
* * * LOW HITPOINT WARNING * * *
The jelly is almost dead.
You hit the jelly.
You kill the jelly!
Vehumet accepts your kill.
The slime creature hits you but does no damage.
You hit the slime creature. You squeeze the slime creature.
The slime creature is severely wounded.
You hit the slime creature but do no damage.
The slime creature looks as sick as possible!
You squeeze the slime creature.
The slime creature is severely wounded.
The slime creature hits you!
* * * LOW HITPOINT WARNING * * *
You hit the slime creature. You squeeze the slime creature!
The slime creature is almost dead.
The slime creature hits you!
You die...

#.# #..#............# #.#
#.###._8_......(. #.#
#..#............# #.#
#.#.#........[### ##.#
##....######...### ...#
#...#............. #..#
##.....#######.#### #..# #....###
#.# #..# #.@### ###.# ...# #.J#
#...# ...# #..# ##### ##.# #..#
### ##.# #.#########J##..... ...#
#.###....#J#.#....÷
#..############)##(....#.#J#.....
##.##...#......)'.J....#.#.#J...÷
##.#..#...####..'........#J#....÷


You could see a slime creature (extremely poisoned).

Vanquished Creatures
  Pikel (D:4)
  Eustachio (D:4)
  Duvessa (D:7)
  A black bear (D:6)
  A lemure (D:4)
  7 kobold brigands
  A phantom (D:5)
  4 scorpions
  A wight (D:8)
  2 killer bees
  2 hounds
  8 jellies
  2 orc priests (D:9)
  A sleepcap (D:7)
  6 iguanas
  2 orc wizards
  7 adders
  A gnoll (D:1)
  2 shadow imps
  A white imp (D:9)
  An ufetubus (D:6)
  A worm (D:3)
  A dart slug (D:4)
  16 orcs
  7 bats
  7 endoplasms
  3 giant cockroaches
  8 goblins
  2 hobgoblins (D:2)
  3 jackals
  9 kobolds
  4 quokkas
  10 ball pythons
  2 frilled lizards
  6 rats
132 creatures vanquished.

Vanquished Creatures (collateral kills)
  2 killer bees
2 creatures vanquished.

Vanquished Creatures (others)
  4 killer bees
  A quokka (D:6)
5 creatures vanquished.

Grand Total: 139 creatures vanquished

Notes
Turn   | Place    | Note
-------+----------+-------------------------------------------
     0 | D:5      | GordonOverkill the Octopode Delver began the quest for the
                  | Orb.
     0 | D:5      | Reached XP level 1. HP: 16/16 MP: 1/1
     4 | D:5      | Found an ornate altar of the Wu Jian Council.
     7 | D:5      | Found a shimmering altar of Xom.
    26 | D:5      | Noticed an iguana
    33 | D:5      | Killed an iguana
    34 | D:5      | Reached skill level 3 in Short Blades
    34 | D:5      | Reached XP level 2. HP: 21/21 MP: 2/2
    34 | D:5      | Reached XP level 3. HP: 26/26 MP: 3/3
   131 | D:6      | Noticed an ogre
   166 | D:5      | Reached skill level 4 in Short Blades
   166 | D:5      | Reached XP level 4. HP: 21/31 MP: 4/4
   228 | D:4      | Noticed an animated plate armour
   228 | D:4      | Noticed Eustachio
   346 | D:5      | Noticed a scorpion
   357 | D:5      | Killed a scorpion
   358 | D:5      | Reached skill level 5 in Short Blades
   358 | D:5      | Reached skill level 1 in Spellcasting
   358 | D:5      | Reached XP level 5. HP: 35/36 MP: 4/6
   417 | D:7      | Noticed Duvessa
   417 | D:7      | Noticed Dowan
   535 | D:6      | Noticed a black bear
   548 | D:6      | Killed a black bear
   549 | D:6      | Reached XP level 6. HP: 10/42 MP: 6/10
   557 | D:6      | Noticed a black bear
   568 | D:6      | Found a white marble altar of Elyvilon.
   677 | D:7      | Gained mutation: You are somewhat resistant to further
                  | mutation. [potion of mutation]
   677 | D:7      | Gained mutation: You possess an exceptional clarity of
                  | mind. [potion of mutation]
   683 | D:7      | Killed Duvessa
   695 | D:7      | HP: 1/42 [killer bee (6)]
  1019 | D:9      | Reached XP level 7. HP: 27/46 MP: 12/14
  1227 | D:9      | Reached skill level 5 in Spellcasting
  1592 | D:8      | HP: 2/43 [wight/+0 long sword (4)]
  1785 | D:8      | Found a glowing golden altar of the Shining One.
  1882 | D:7      | Found an opulent altar of Gozag.
  1882 | D:7      | Found a blossoming altar of Fedhas.
  1906 | D:7      | Reached skill level 5 in Fighting
  2030 | D:7      | Reached XP level 8. HP: 28/55 MP: 15/15
  2095 | D:7      | Reached skill level 6 in Short Blades
  2305 | D:4      | Noticed an animated gold dragon scales
  2306 | D:4      | Found Makoobb's Armour Shop.
  2592 | D:3      | Found a faded altar of an unknown god.
  2679 | D:3      | Found a shimmering blue altar of Sif Muna.
  4587 | D:4      | Killed Eustachio
  4588 | D:4      | Reached skill level 7 in Short Blades
  4810 | D:4      | Noticed Pikel
  4821 | D:4      | Killed Pikel
  4822 | D:4      | Reached XP level 9. HP: 34/62 MP: 18/18
  4982 | D:5      | Found a basalt altar of Yredelemnul.
  5091 | D:5      | Found a staircase to the Ecumenical Temple.
  5106 | Temple   | Entered the Ecumenical Temple
  5127 | Temple   | Became a worshipper of Vehumet
  5645 | D:5      | Reached skill level 8 in Short Blades
  5933 | D:5      | Slain by a slime creature

Illustrated notes

Levels and vault maps discovered:
D:1:      saegor_arrival_under_anarchy, layout_loops_cross, minmay_unequal
D:2:      layout_loops_ring
D:3:      minmay_recursive_quarters, layout_rooms, mainiacjoe_overflow_chevrons,
          shapermc_ecumenical_altar_mp_ritualfount, serial_park_tiny_pond,
          kennysheep_generic_room_10
D:4:      layout_rooms, serial_shops, nicolae_shop_mannequins,
          gup_sewer_entry_spiral, uniq_eustachio, uniq_pikel
D:5:      cheibrodos_fertilizer, layout_loops_ring,
          mainiacjoe_overflow_cross_hatched,
          chequers_temple_overflow_statue_of_worship, minmay_temple_entry_tees
D:6:      layout_basic, elyvilon_altar_4
D:7:      layout_loops_ring, gammafunk_temple_overflow_elements, serial_shops,
          nicolae_shop_crystal, uniq_duvessa, uniq_crazy_yiuf_cottage
D:8:      layout_loops_ring, amcnicky_altar_gilded
D:9:      minmay_the_grid_4x2 [minmay_the_grid_stretched_grid,
          minmay_the_grid_embedded, minmay_the_grid_slots,
          minmay_the_grid_diamond_grid, minmay_the_grid_tiny_cups,
          minmay_the_grid_outer_diamond, minmay_the_grid_square_x,
          minmay_the_grid_prize_shrinking_boxes], layout_stronghold,
          mainiacjoe_overflow_paths, hiddenorc2_lemuel, uniq_prince_ribbit1
Temple:   nicolae_temple_slightly_damp_pantheon

Skill      XL: |  1  2  3  4  5  6  7  8  9 |
---------------+----------------------------+-----
Short Blades   | 3 4 5 7 8 |  8.4
Spellcasting   | 1 3 4 5 6 7 |  7.0
Fighting       | 5 6 |  6.0
Evocations     | 3 |  3.0
Dodging        | |  2.0
Stealth        | |  6.6

Action                     |  1- 3 |  4- 6 |  7- 9 || total
---------------------------+-------+-------+-------++-------
  Melee: Rapier            |     9 |    53 |   108 ||   170
         Tentacles         |     4 |    16 |    94 ||   114
         Constrict         |     2 |    10 |    51 ||    63
         Punch             |       |     1 |     6 ||     7
         Dagger            |       |       |   210 ||   210
  Throw: Dart              |       |       |     5 ||     5
  Evoke: Wand              |       |       |     9 ||     9
    Use: Potion            |       |     4 |       ||     4
         Scroll            |       |     1 |     2 ||     3
   Stab: Sleeping          |     2 |     5 |    31 ||    38
         Distracted        |       |       |     1 ||     1
 Armour: Skin              |     1 |    16 |    50 ||    67
  Dodge: Dodged            |     4 |    45 |   149 ||   198

Table legend: (Time is in decaauts)
 A = Elapsed time spent in this place.
 B = Non-inter-level travel time spent in this place.
 C = Inter-level travel time spent in this place.
 D = Time resting spent in this place.
 E = Time spent auto-exploring this place.
 F = Levels seen in this place.
 G = Mean time per level.
                   A        B        C        D        E       F      G
               +--------+--------+--------+--------+--------+-----+--------+
         Total |   5840 |   5597 |    243 |   1227 |   2366 |  10 |  584.0 |
       Dungeon |   5798 |   5595 |    203 |   1227 |   2366 |   9 |  644.2 |
        Temple |     42 |      2 |     40 |      0 |      0 |   1 |   42.0 |
               +--------+--------+--------+--------+--------+-----+--------+

Top non-repeatable levels by time:
     D:5: 1209 daAuts
     D:1: 790 daAuts
     D:2: 685 daAuts
     D:4: 656 daAuts
     D:8: 575 daAuts
     D:3: 575 daAuts
     D:6: 489 daAuts
     D:7: 428 daAuts
     D:9: 388 daAuts
  Temple: 42 daAuts
